Map: Blackpink LE

Players

SortOf

  • Race: Zerg Zerg
  • League: Diamond
  • Spawn Location: 1:00

Stats - Winner!

  • Race: Protoss Protoss
  • League: Master
  • Spawn Location: 7:00

Event: Memes & Dreams Invitational

VOD

Have the link to the VOD?

Description

Time

  • Played on: April 13, 2018, 2:29 a.m.
  • Length: 6:33

All games in this series

Show
View Real Time Build Order
Export as new Build Order

SortOf Zerg 

Build Orders: Hatch First 

Get SALT Encoding   

  12  0:00  Drone  
  13  0:13  Overlord  
  13  0:17  Drone  
  14  0:31  Drone x2  
  16  0:43  Drone  
  17  0:51  Hatchery  
  17  0:54  Drone  
  17  1:00  Drone  
  18  1:09  Extractor  
  17  1:14  Spawning Pool  
  17  1:16  Drone  
  17  1:22  Drone  
  18  1:29  Drone  
  19  1:39  Drone  
  20  1:50  Overlord  
  20  2:00  Queen  
  22  2:03  Queen  
  22  2:04  Zergling x4  
  26  2:11  Metabolic Boost  
  26  2:12  Drone  
  26  2:15  Drone  
  28  2:22  Drone  
  29  2:28  Drone  
  30  2:37  Hatchery  
  30  2:39  Drone  
  30  2:44  Overlord  
  30  2:46  Drone  
  30  2:49  Drone  
  32  2:57  Evolution Chamber  
  31  2:59  Drone  
  31  3:00  Drone  
  31  3:05  Drone, Queen  
  34  3:08  Drone  
  34  3:10  Drone  
  38  3:15  Drone x2  
  38  3:19  Overlord  
  40  3:22  Zergling x2  
  40  3:26  Spore Crawler  
  40  3:30  Zergling x4  
  43  3:38  Zergling x2  
  43  3:40  Drone  
  45  3:44  Overlord, Zerg Melee Weapons Level 1  
  45  3:48  Queen  
  45  3:52  Drone x3  
  50  3:56  Spore Crawler  
  49  4:03  Drone  
  49  4:05  Drone  
  49  4:06  Overlord  
  49  4:08  Zergling x2  
  49  4:09  Zergling x6  
  55  4:13  Overlord  
  55  4:15  Overlord  
  55  4:24  Overlord  
  55  4:25  Drone  
  55  4:26  Drone x2  
  55  4:30  Spore Crawler, Overlord  
  57  4:32  Drone  
  57  4:33  Drone  
  57  4:34  Lair  
  57  4:35  Drone  
  60  4:38  Drone x2  
  60  4:41  Drone  
  60  4:42  Drone  
  64  4:50  Zergling x8  
  64  4:51  Zergling x2  
  69  4:57  Zergling x4  
  68  5:00  Drone  
  68  5:04  Drone  
  70  5:07  Zergling x6  
  70  5:10  Queen, Roach Warren  
  70  5:12  Queen  
  76  5:21  Zergling x2  
  76  5:22  Zergling x8  
  76  5:27  Overlord  
  80  5:35  Drone  
  80  5:38  Overlord  
  80  5:40  Drone x4  
  81  5:44  Extractor x2, Drone x3  
  81  5:45  Extractor  
  81  5:46  Zergling x4  
  81  5:48  Queen  
  85  5:55  Roach x3  
  82  6:05  Zergling x2, Roach x2  
  82  6:09  Zergling x4  
  75  6:14  Roach  
Show
View Real Time Build Order
Export as new Build Order

Stats Protoss - Winner!

Build Orders: 1 Gate Expand, Oracle Opening, Phoenix Opening, Zealot Archon, Archon Drop 

Get SALT Encoding   

  12  0:00  Probe  
  13  0:12  Probe  
  14  0:20  Pylon  
  14  0:24  Probe  
  15  0:38  Probe (Chrono Boost)  
  16  0:44  Gateway  
  16  0:47  Probe (Chrono Boost), Assimilator  
  17  0:52  Probe (Chrono Boost)  
  18  1:04  Probe  
  19  1:16  Probe  
  20  1:23  Nexus  
  20  1:33  Cybernetics Core  
  20  1:35  Probe  
  21  1:44  Assimilator  
  21  1:47  Probe  
  21  1:51  Pylon  
  22  1:59  Probe  
  23  2:08  Adept (Chrono Boost)  
  23  2:11  Probe  
  26  2:19  Stargate  
  26  2:23  Probe  
  26  2:29  Warp Gate  
  27  2:33  Adept  
  27  2:35  Probe (Chrono Boost)  
  27  2:36  Probe (Chrono Boost)  
  32  2:44  Probe (Chrono Boost)  
  32  2:45  Probe (Chrono Boost)  
  32  2:50  Probe x2 (Chrono Boost)  
  35  3:01  Probe  
  35  3:03  Probe, Phoenix (Chrono Boost)  
  39  3:14  Probe, Pylon  
  39  3:15  Probe  
  39  3:19  Oracle (Chrono Boost)  
  41  3:26  Probe  
  45  3:27  Probe  
  45  3:33  Assimilator  
  46  3:34  Gateway, Assimilator  
  46  3:38  Probe  
  46  3:39  Probe  
  48  3:43  Robotics Facility  
  48  3:50  Probe, Pylon  
  48  3:51  Probe  
  50  3:57  Twilight Council  
  50  4:02  Probe  
  51  4:03  Probe  
  52  4:14  Probe  
  52  4:15  Probe  
  54  4:18  Gateway  
  54  4:20  Gateway  
  54  4:24  Gateway  
  54  4:26  Gateway  
  54  4:29  Warp Prism (Chrono Boost)  
  54  4:32  Charge (Chrono Boost)  
  54  4:36  Templar Archives  
  56  4:44  Zealot x2  
  60  4:48  Pylon  
  60  4:51  Pylon  
  60  5:05  Pylon  
  60  5:10  Zealot x2  
  64  5:23  High Templar x4  
  64  5:26  Pylon  
  64  5:27  Archon  
  64  5:28  Archon  
  72  5:32  Nexus  
  72  5:35  Zealot  
  74  5:36  Zealot  
  76  5:43  Pylon  
  76  5:56  Zealot x6  
  87  6:06  Probe  
  87  6:11  Pylon  
  89  6:13  Pylon  
  89  6:17  Zealot x3  
  94  6:29  Zealot x3  
Tags
 
Add a new tag
Caveats
  • Supply blocks, unpowered buildings, or Contaminate may cause inaccurate times.
  • Supply counts are checked every 10 seconds.